 Dungeon Crawl Stone Soup version 0.30.1-4-g462c640d31 (webtiles) character file.

Game seed: 14881481263807383555

212 Zeor the Shooter (level 5, -2/32 HPs)
             Began as a Gargoyle Hunter on Sept 5, 2023.
             Slain by an iguana (11 damage)
             ... on level 4 of the Dungeon.
             The game lasted 00:07:49 (3001 turns).

Zeor the Shooter (Gargoyle Hunter)                  Turns: 3001, Time: 00:07:50

Health: -2/32      AC:  9    Str: 14    XL:     5   Next: 89%
Magic:  5/5        EV: 12    Int: 10    God:
Gold:   204        SH:  0    Dex: 15    Spells: 4/4 levels left

rFire   . . .        b - +3 scimitar
rCold   . . .        (no shield)
rNeg    + . .        c - +0 leather armour
rPois   ∞            (no helmet)
rElec   +            n - +0 cloak
rCorr   .            (no gloves)
SInv    .            m - +0 pair of boots
Will    .....        (no amulet)
Stlth   ++           (no ring)
HPRegen 0.25/turn    (no ring)
MPRegen 0.09/turn

%: no passive effects
@: hasted, very quick
A: sickness immunity, AC +4, negative energy resistance 1, electricity
resistance, torment resistance 1, petrification resistance
a: no special abilities


You were on level 4 of the Dungeon.
You visited 1 branch of the dungeon, and saw 4 of its levels.

You collected 204 gold pieces.

Inventory:

Hand Weapons
 a - a +0 shortbow of flaming
 b - a +3 scimitar (weapon)
 p - a +1 short sword of draining
Missiles
 d - 12 poisoned darts
Armour
 c - a +0 leather armour (worn)
 h - a scarf of resistance
 m - a +0 pair of boots (worn)
 n - a +0 cloak (worn)
Magical Staves
 j - a staff of earth
Wands
 o - a wand of charming (2)
Scrolls
 e - 2 scrolls of fog
 f - a scroll of immolation
Potions
 g - 3 potions of curing
 i - a potion of cancellation {unknown}
 k - a potion of brilliance {unknown}
 l - a potion of heal wounds {unknown}


   Skills:
 + Level 3.5 Fighting
 + Level 0.1(0.3) Short Blades
 * Level 0.5 Long Blades
 * Level 5.8 Ranged Weapons
 + Level 1.4 Armour
 + Level 1.9 Dodging
 + Level 1.2 Stealth


You had 4 spell levels left.
You didn't know any spells.
Your spell library contained the following spells:

 Spells                   Type           Power      Damage    Failure   Level
 Poisonous Vapours        Pois/Air       0%         N/A       56%         2
 Mephitic Cloud           Conj/Pois/Air  0%         N/A       80%         3
 Freezing Cloud           Conj/Ice/Air   0%         6-21      100%        5


Dungeon Overview and Level Annotations

Branches:
Dungeon (4/15)
 Temple: D:4-7

Altars:
Fedhas


Innate Abilities, Weirdness & Mutations

You are immune to sickness and miasma.
Your stone body is resilient. (AC +4)
You are immune to poison.
You resist negative energy. (rN+)
You are resistant to electric shocks. (rElec)
You are resistant to unholy torment.
You are immune to petrification.


Message History

The arrow burns the ball python.
You kill the ball python!
Found a stone staircase leading down.
You now have 204 gold pieces (gained 17).
Found a scroll of noise.
Found a scroll of noise.
A kobold comes into view. It is wielding a +0 short sword.
The kobold shouts!
You shoot an arrow. The arrow barely misses the kobold.
You shoot an arrow.
The arrow hits the kobold but does no damage.
You shoot an arrow. The arrow hits the kobold.
The arrow burns the kobold.
You kill the kobold!
Found a falchion.
You see here a +0 falchion.
q - a smoky amethyst potion
Okay, then.
Found a blossoming altar of Fedhas.
No target in view!
An iguana comes into view.
You shoot an arrow.
The arrow hits the iguana but does no damage.
You shoot an arrow. The arrow hits the iguana.
The arrow burns the iguana.
The iguana is moderately wounded.
You shoot an arrow. The arrow closely misses the iguana.
You shoot an arrow. The arrow barely misses the iguana.
You shoot an arrow. The arrow hits the iguana.
The arrow burns the iguana.
The iguana is heavily wounded.
You shoot an arrow. The arrow barely misses the iguana.
The iguana bites you!
You shoot an arrow. The arrow barely misses the iguana.
The iguana bites you!
You are too injured to fight recklessly!
Your +0 shortbow of flaming stops flaming.
b - a +3 scimitar (weapon)
The iguana bites you.
* * * LOW HITPOINT WARNING * * *
You hit the iguana but do no damage.
The iguana is heavily wounded.
The iguana bites you but does no damage.
It was a potion of haste.
You feel yourself speed up. The iguana bites you!
You die...

▒∙∙ ∙∙∙∙♣ ▒▒▒
▒∙∙▒∙▒∙▄∙♣ ∙∙■
▒▒▒▒∙∙∙∙▒!∙∙ ▒▒▒
▒∙∙∙∙∙∙∙▒∙∙♣
▒∙∙∙∙∙∙∙▒∙∙
▒∙∙∙▒▒∙∙∙∙∙∙∙∙∙♣
▒∙∙∙∙∙∙∙∙∙∙∙∙▒l♣
▒∙∙▒ ▒∙∙∙∙∙∙∙∙9♣
▒∙∙▒ ▒∙∙∙∙∙∙∙∙∙♣
▒∙∙▒ ▒∙∙∙∙∙∙∙∙♣♣
▒▒▒∙∙▒ ▒▒▒▒▒▒▒∙∙♣
∙∙∙∙∙▒▒▒▒▒▒▒▒▒∙♣♣
▒∙∙∙∙∙∙∙∙∙∙▒∙∙∙♣
∙∙▒▒∙▒∙∙▒▒∙▒∙▒∙♣
∙∙∙▒∙▒∙∙∙∙∙∙∙▒∙♣
▒▒∙∙∙∙∙∙∙▒∙▒∙▒∙♣


You could see an iguana.

Vanquished Creatures
  An orc priest (D:4)
  A hound (D:4)
  An orc wizard (D:3)
  2 adders (D:3)
  An ufetubus (D:3)
  2 worms
  6 dart slugs
  7 orcs
  6 ball pythons
  7 bats
  10 endoplasms
  4 giant cockroaches
  5 goblins
  5 hobgoblins
  4 jackals (D:2)
  2 quokkas (D:2)
  3 frilled lizards
  2 kobolds
  7 rats (D:1)
76 creatures vanquished.

Vanquished Creatures (others)
  An orc wizard (D:3)
1 creature vanquished.

Grand Total: 77 creatures vanquished

Notes
Turn   | Place    | Note
-------+----------+-------------------------------------------
     0 | D:1      | Zeor the Gargoyle Hunter began the quest for the Orb.
     0 | D:1      | Reached XP level 1. HP: 12/12 MP: 1/1
   143 | D:1      | Reached XP level 2. HP: 15/17 MP: 2/2
   421 | D:1      | Reached XP level 3. HP: 21/21 MP: 3/3
  1211 | D:2      | Reached skill level 5 in Ranged Weapons
  1381 | D:2      | Reached XP level 4. HP: 27/27 MP: 4/4
  1381 | D:2      | Found a faded altar of an unknown god.
  1382 | D:2      | Noticed a floating eye
  1384 | D:2      | Noticed a great orb of eyes
  1384 | D:2      | Noticed an eye of devastation
  1384 | D:2      | Noticed a great orb of eyes
  2035 | D:3      | Reached XP level 5. HP: 14/32 MP: 5/5
  2123 | D:3      | Reached skill level 1 in Armour
  2990 | D:4      | Found a blossoming altar of Fedhas.
  3001 | D:4      | Slain by an iguana

Illustrated notes

Levels and vault maps discovered:
D:1:      dpeg_arrival_renting, layout_basic, eino_curves_03,
          minmay_split_cup_large
D:2:      layout_basic, hellmonk_ecumenical_altar_watching_god
D:3:      layout_loops_ring
D:4:      layout_loops_cross, nicolae_uskayaw_en_pointe,
          mainiacjoe_overflow_catch_the_wave, minmay_misc_feat_roman,
          serial_bayou_pond_a, reono_crystal_passage, minmay_pentangle,
          uniq_pikel, uniq_menkaure

Skill      XL: |  1  2  3  4  5 |
---------------+----------------+-----
Ranged Weapons | 5 |  5.8
Fighting       | 3 |  3.5
Armour         | 1 |  1.4
Short Blades   | |  0.1
Long Blades    | |  0.5
Dodging        | |  1.9
Stealth        | |  1.2

Action                     |  1- 3 |  4- 6 || total
---------------------------+-------+-------++-------
  Melee: Rapier            |       |    26 ||    26
         Scimitar          |       |    18 ||    18
   Fire: Shortbow          |   117 |    78 ||   195
    Use: Scroll            |     6 |     4 ||    10
         Potion            |       |     1 ||     1
 Armour: Leather armour    |    17 |    35 ||    52
  Dodge: Dodged            |    38 |    25 ||    63
